Map: Port Aleksander LE

Players

gumiho

  • Race: Terran Terran
  • Spawn Location: 5:00

Serral - Winner!

  • Race: Zerg Zerg
  • Spawn Location: 11:00

Event: IEM Season 13: Katowice (2019)

VOD

Have the link to the VOD?

Description

Time

  • Played on: March 1, 2019, 8:33 a.m.
  • Length: 14:03

All games in this series

Show
View Real Time Build Order
Export as new Build Order

gumiho Terran 

Build Orders: Gas First Reaper Expand, Hellion Banshee 

Get SALT Encoding   

  12  0:00  SCV  
  13  0:12  SCV  
  14  0:17  Supply Depot  
  14  0:24  SCV  
  15  0:28  Refinery  
  15  0:39  SCV  
  16  0:45  Barracks  
  16  0:51  SCV  
  17  1:03  SCV  
  18  1:15  SCV  
  19  1:32  Reaper, Orbital Command  
  20  1:44  Command Center  
  20  1:55  Factory  
  20  1:58  SCV  
  21  2:06  Refinery, Barracks Reactor  
  21  2:10  SCV  
  22  2:16  Supply Depot  
  22  2:23  SCV  
  23  2:37  SCV  
  23  2:40  Starport  
  24  2:49  Hellion x2  
  24  2:50  SCV  
  29  2:57  Orbital Command  
  29  2:58  Barracks Tech Lab  
  29  3:02  SCV  
  30  3:13  Hellion x2  
  30  3:15  SCV  
  35  3:23  SCV  
  36  3:28  Viking, SCV  
  39  3:37  SCV  
  39  3:39  Cloaking Field  
  39  3:40  SCV  
  43  3:50  SCV, Supply Depot  
  43  3:52  SCV  
  43  3:57  Banshee  
  46  4:05  Barracks Tech Lab  
  46  4:10  Supply Depot  
  46  4:12  SCV x2, Hellion x2  
  52  4:24  SCV x2  
  52  4:27  Armory  
  52  4:30  Supply Depot  
  54  4:34  Hellion x2  
  58  4:39  SCV x2, Supply Depot  
  60  4:51  Banshee  
  63  4:55  Hellion x2  
  67  5:03  SCV x2  
  67  5:05  Command Center  
  69  5:16  Hellion x2  
  69  5:17  SCV x2  
  75  5:29  SCV x2  
  69  5:38  Terran Vehicle And Ship Armor Level 1, Hellion x2  
  69  5:39  Banshee, Refinery  
  69  5:40  Refinery  
  69  5:41  SCV x2  
  70  5:56  SCV x2  
  72  5:59  Hellion x2  
  72  6:03  Factory  
  74  6:11  SCV x2  
  54  6:18  Orbital Command  
  76  6:22  Factory, Banshee  
  76  6:23  Hellion x2  
  83  6:31  SCV x2  
  85  6:35  Refinery  
  85  6:43  SCV x2  
  85  6:44  SCV, Hellion  
  85  6:45  Refinery, Supply Depot  
  90  6:47  Supply Depot  
  90  6:51  Factory  
  90  6:52  Factory  
  90  6:53  Engineering Bay  
  90  6:55  SCV  
  90  6:56  SCV x2  
  93  7:02  Factory Tech Lab  
  93  7:07  SCV  
  94  7:08  Cyclone  
  94  7:10  Banshee, Hellion x2  
  104  7:16  SCV x2  
  104  7:17  Mag-Field Accelerator  
  104  7:22  Supply Depot  
  106  7:26  SCV  
  106  7:27  Supply Depot  
  106  7:28  SCV x2  
  109  7:39  Factory Tech Lab x2  
  109  7:44  Cyclone, SCV x2  
  109  7:45  Supply Depot  
  109  7:46  SCV  
  109  7:47  Terran Vehicle And Ship Armor Level 2, Supply Depot  
  115  7:55  Cyclone  
  115  7:56  Banshee, SCV  
  122  8:00  Siege Tank  
  125  8:11  Siege Tank  
  127  8:28  Command Center  
  127  8:30  Siege Tank  
  127  8:31  Hellion  
  131  8:37  Cyclone x2  
  131  8:40  Supply Depot  
  140  8:42  Supply Depot  
  137  8:49  Factory  
  137  8:50  Starport Reactor  
  137  8:53  Factory, SCV x3  
  140  9:02  Cyclone x2  
  146  9:06  Infernal Pre-Igniter, Supply Depot  
  146  9:07  Smart Servos, Supply Depot  
  146  9:08  Supply Depot  
  146  9:13  SCV x3  
  149  9:25  SCV  
  149  9:29  Siege Tank x2  
  138  9:42  Siege Tank x2  
  138  9:43  Hellion  
  132  9:46  Hellion x2  
  132  9:47  Siege Tank  
  113  10:01  Siege Tank, Hellion  
  109  10:08  Hellion  
  109  10:14  Cyclone  
  109  10:15  Cyclone  
  109  10:19  Cyclone  
  111  10:22  Cyclone  
  99  10:31  Hellion  
  99  10:33  Cyclone  
  97  10:35  Hellion  
  97  10:47  Cyclone x2  
  97  10:49  SCV x3  
  106  10:54  Orbital Command  
  106  10:59  Refinery  
  106  11:03  Cyclone x2  
  112  11:05  Cyclone  
  112  11:07  Factory Reactor, Hellion  
  117  11:12  SCV x3  
  116  11:20  Cyclone  
  116  11:21  Hellion  
  116  11:23  SCV  
  116  11:24  SCV x3  
  123  11:29  Hellion  
  123  11:31  Medivac x2  
  129  11:37  Hellion x3  
  135  11:41  Cyclone  
  128  11:49  Hellion x2  
  128  11:52  Cyclone  
  135  12:00  Hellion  
  140  12:05  SCV, Hellion  
  140  12:08  Supply Depot x2  
  143  12:09  Supply Depot  
  143  12:11  Refinery, Hellion  
  148  12:23  Thor x2  
  148  12:26  SCV x3  
  148  12:29  Refinery, Medivac  
  153  12:30  Medivac  
  153  12:34  Supply Depot  
  135  12:46  Thor  
  135  12:47  Hellion x2  
  135  12:49  Hellion x3  
  139  12:58  Thor  
  145  13:00  Medivac  
  147  13:09  Hellion x4  
  155  13:14  SCV x2  
  157  13:25  Medivac  
  162  13:27  SCV x2  
  162  13:30  Medivac  
  162  13:31  Hellion  
Show
View Real Time Build Order
Export as new Build Order

Serral Zerg - Winner!

Build Orders: Hatch First 

Get SALT Encoding   

  12  0:00  Drone  
  13  0:12  Overlord  
  13  0:18  Drone  
  14  0:30  Drone  
  14  0:31  Drone  
  16  0:49  Hatchery  
  15  0:52  Drone  
  15  0:56  Drone  
  17  0:59  Drone  
  18  1:10  Extractor  
  17  1:15  Spawning Pool  
  16  1:19  Drone  
  16  1:22  Drone  
  18  1:28  Drone  
  19  1:38  Drone  
  20  1:49  Overlord  
  20  2:02  Queen x2  
  20  2:03  Zergling x4  
  26  2:11  Metabolic Boost  
  26  2:14  Drone  
  26  2:15  Drone  
  28  2:22  Drone x2  
  30  2:39  Hatchery  
  30  2:44  Drone x2  
  30  2:50  Queen  
  33  2:57  Overlord  
  34  2:58  Drone  
  34  3:00  Drone  
  34  3:03  Drone  
  36  3:17  Drone x2  
  36  3:18  Zergling x4  
  36  3:19  Drone x2  
  42  3:25  Queen  
  44  3:32  Overlord  
  44  3:34  Overlord  
  44  3:37  Drone  
  44  3:41  Overlord  
  44  3:44  Overlord  
  43  3:48  Lair  
  43  3:53  Zergling x6  
  43  3:54  Drone  
  43  3:55  Drone  
  48  3:59  Queen  
  48  4:02  Drone  
  51  4:03  Drone  
  52  4:13  Baneling Nest  
  52  4:16  Queen  
  53  4:18  Drone  
  53  4:19  Drone  
  53  4:21  Drone x3  
  53  4:22  Drone  
  59  4:24  Zergling x2  
  59  4:25  Zergling x2  
  59  4:28  Drone  
  62  4:31  Zergling x2  
  62  4:34  Overlord  
  62  4:35  Zergling x2  
  62  4:36  Drone  
  65  4:39  Spore Crawler  
  65  4:42  Drone, Spore Crawler  
  65  4:43  Drone  
  66  4:45  Zergling x2  
  66  4:46  Drone  
  66  4:49  Overseer  
  67  4:57  Drone x5, Baneling x3  
  67  4:59  Drone  
  72  5:00  Drone  
  72  5:01  Drone  
  72  5:05  Queen  
  76  5:09  Drone x2  
  76  5:10  Drone  
  76  5:11  Drone  
  76  5:12  Drone  
  81  5:18  Extractor  
  81  5:19  Extractor  
  81  5:20  Zergling x4  
  81  5:35  Overlord x3  
  77  5:39  Overlord  
  77  5:46  Drone  
  77  5:47  Drone x2  
  77  5:48  Drone  
  73  5:52  Overlord  
  73  5:53  Drone x6  
  75  6:00  Zergling x2  
  75  6:02  Extractor x2  
  73  6:04  Evolution Chamber, Zergling x2  
  73  6:05  Zergling x2  
  73  6:06  Zergling x2  
  73  6:08  Zergling x2  
  73  6:09  Drone  
  73  6:12  Drone x4  
  73  6:17  Drone  
  78  6:19  Drone  
  78  6:22  Drone  
  78  6:23  Hydralisk Den  
  78  6:26  Spore Crawler  
  78  6:29  Drone x2  
  78  6:32  Zerg Missile Weapons Level 1  
  79  6:33  Drone, Hatchery  
  79  6:39  Drone  
  80  6:40  Baneling  
  80  6:41  Baneling x2  
  80  6:43  Drone x2  
  82  6:49  Zergling x6  
  85  6:54  Muscular Augments  
  85  6:55  Overseer  
  85  6:57  Drone x3  
  85  6:58  Drone  
  85  6:59  Hydralisk  
  85  7:00  Hydralisk x4, Extractor  
  98  7:05  Baneling x3  
  98  7:07  Centrifical Hooks  
  98  7:10  Overlord  
  98  7:14  Pneumatized Carapace  
  98  7:15  Overlord  
  98  7:19  Overlord  
  98  7:20  Overlord  
  98  7:25  Infestation Pit  
  98  7:27  Overseer  
  97  7:33  Hydralisk x2  
  97  7:34  Zergling x8  
  105  7:42  Spore Crawler, Drone  
  105  7:46  Baneling  
  105  7:49  Queen  
  105  7:50  Drone x4  
  111  7:51  Overlord  
  111  7:52  Drone x3  
  111  7:53  Drone x2  
  111  7:56  Hydralisk x4  
  120  8:06  Grooved Spines  
  120  8:07  Hive, Drone x6  
  123  8:15  Drone x2  
  123  8:17  Extractor  
  123  8:18  Spore Crawler, Drone x3  
  123  8:19  Extractor  
  120  8:20  Drone x3  
  120  8:22  Drone  
  120  8:24  Drone x2  
  126  8:30  Zergling x8  
  126  8:37  Spore Crawler  
  126  8:40  Hydralisk x4  
  133  8:44  Overlord  
  133  8:46  Hydralisk x2  
  133  8:47  Zergling x2  
  138  8:52  Baneling x4  
  138  8:53  Baneling x2  
  138  8:57  Drone x2  
  138  9:01  Drone  
  138  9:02  Overlord  
  141  9:04  Hydralisk x3  
  141  9:05  Zergling x6  
  150  9:13  Drone  
  150  9:15  Evolution Chamber  
  149  9:23  Zergling x24  
  149  9:24  Zergling x2  
  161  9:32  Zergling x6  
  157  9:38  Hydralisk  
  157  9:39  Hydralisk, Zergling x6  
  157  9:41  Viper  
  159  9:49  Overlord x2  
  154  9:56  Overlord  
  154  9:58  Zergling x6  
  149  10:02  Zergling x2  
  147  10:07  Drone x2  
  147  10:09  Zerg Missile Weapons Level 2  
  147  10:10  Drone  
  145  10:15  Hydralisk x2  
  145  10:21  Hydralisk x2  
  148  10:25  Drone x2  
  148  10:26  Hatchery  
  142  10:29  Extractor, Zergling x2  
  142  10:33  Extractor  
  142  10:34  Hydralisk x2  
  134  10:39  Spire  
  134  10:40  Evolution Chamber  
  134  10:41  Drone x2  
  134  10:42  Drone  
  133  10:48  Hydralisk x4  
  141  10:50  Viper x3  
  141  10:51  Viper x2  
  141  10:55  Evolution Chamber, Zerg Melee Weapons Level 1  
  156  10:58  Drone x2  
  156  11:00  Spine Crawler x2  
  156  11:02  Hydralisk x6, Spine Crawler, Baneling x7  
  166  11:13  Hydralisk x4  
  166  11:14  Zergling x2  
  166  11:16  Drone  
  175  11:19  Drone  
  175  11:20  Drone  
  175  11:22  Zergling x2  
  175  11:23  Zergling x6  
  177  11:34  Baneling x2  
  177  11:36  Overseer, Overlord x2  
  177  11:44  Hydralisk x7  
  189  11:48  Overlord x2  
  189  11:52  Overlord  
  189  11:54  Overseer  
  189  11:55  Greater Spire  
  189  11:57  Overlord  
  189  11:59  Viper  
  189  12:00  Drone x2  
  190  12:02  Drone  
  190  12:04  Spore Crawler  
  190  12:08  Overseer  
  190  12:12  Hatchery  
  189  12:16  Drone  
  189  12:22  Baneling x8  
  188  12:32  Hydralisk x5  
  196  12:51  Zergling x20  
  200  12:59  Spine Crawler  
  200  13:00  Spine Crawler  
  200  13:04  Hydralisk  
  197  13:21  Hydralisk x2  
  197  13:25  Baneling x20  

Tags
 
Add a new tag
Caveats
  • Supply blocks, unpowered buildings, or Contaminate may cause inaccurate times.
  • Supply counts are checked every 10 seconds.